 Dungeon Crawl Stone Soup version 0.21.1-1-g345015fe64 (webtiles) character file.

2979 LevaFresel the Quickloader (level 10, -10/60 HPs)
             Began as a Kobold Hunter on June 9, 2018.
             Was a Follower of Nemelex Xobeh.
             Killed from afar by an electric eel (13 damage)
             ... with a bolt of electricity
             ... on level 7 of the Dungeon.
             The game lasted 00:51:58 (8164 turns).

LevaFresel the Quickloader (Kobold Hunter)          Turns: 8164, Time: 00:51:58

Health: -10/60     AC: 20    Str: 13    XL:     10   Next: 9%
Magic:  13/13      EV:  8    Int: 12    God:    Nemelex Xobeh [*.....]
Gold:   496        SH:  0    Dex: 16    Spells: 9/9 levels left

rFire    . . .     SeeInvis .   b - +0 short sword
rCold    . . .     Gourm    .   (shield restricted)
rNeg     . . .     Faith    .   l - +4 plate armour
rPois    .         Spirit   .   (no helmet)
rElec    .         Reflect  .   (no cloak)
rCorr    +         Harm     .   (no gloves)
MR       .....                  t - +2 pair of boots
Stlth    ..........             (no amulet)
HPRegen  0.20/turn              u - ring of resist corrosion
MPRegen  0.13/turn              G - +2 ring of protection

@: no status effects
A: small, carnivore
a: Renounce Religion


You were on level 7 of the Dungeon.
You worshipped Nemelex Xobeh.
Nemelex Xobeh was aware of your devotion.
You were very full.

You visited 2 branches of the dungeon, and saw 9 of its levels.

You collected 496 gold pieces.

Inventory:

Hand Weapons
 a - a +1 hand crossbow
 b - a +0 short sword (weapon)
Missiles
 d - 33 bolts
Armour
 l - a +4 plate armour (worn)
 t - a +2 pair of boots (worn)
Jewellery
 u - a ring of resist corrosion (left hand)
 F - an uncursed ring of fire
 G - a +2 ring of protection (right hand)
Wands
 w - a wand of acid (6)
 K - a wand of enslavement (15)
Scrolls
 i - 2 scrolls of noise {unknown}
 k - a scroll of blinking {unknown}
 n - a scroll of magic mapping {unknown}
 o - 7 scrolls of teleportation
 p - 3 scrolls of remove curse {unknown}
 v - 2 scrolls of silence {unknown}
 y - a scroll of immolation {unknown}
 A - a scroll of identify
 C - a scroll of fear {unknown}
 J - a scroll of fog {unknown}
Potions
 c - 4 potions of brilliance
 e - a potion of haste {unknown}
 g - a potion of degeneration {unknown}
 h - a potion of heal wounds
 j - a potion of ambrosia {unknown}
 m - a potion of flight {unknown}
 q - 2 potions of berserk rage {unknown}
 s - 4 potions of agility
 x - a potion of resistance {unknown}
 z - 2 potions of curing
 B - a potion of might
 H - a potion of lignification {unknown}
Books
 D - a book of Changes

   Spells                             Type                      Level
   a - Beastly Appendage              Transmutation                1
   b - Sticks to Snakes               Transmutation                2
   c - Spider Form                    Transmutation/Poison         3
   d - Ice Form                       Ice/Transmutation            4
   e - Blade Hands                    Transmutation                5
 I - a book of Cantrips

   Spells                             Type                      Level
   a - Confusing Touch                Hexes                        1
   b - Animate Skeleton               Necromancy                   1
   c - Summon Small Mammal            Summoning                    1
   d - Apportation                    Translocation                1
Miscellaneous
 r - a plain deck of summoning
Comestibles
 f - 19 rations


   Skills:
 + Level 5.8 Fighting
 + Level 6.2 Short Blades
 * Level 9.8 Crossbows
 - Level 1.0 Throwing
 + Level 3.9 Armour
 + Level 6.3 Dodging
 - Level 2.0 Stealth
 + Level 4.0 Invocations
 + Level 3.4 Evocations


You had 9 spell levels left.
You didn't know any spells.

Dungeon Overview and Level Annotations

Branches:
Dungeon (8/15)             Temple (1/1) D:5
   Lair: D:8-11

Altars:
Cheibriados
Fedhas
Gozag
Hepliaklqana
Nemelex Xobeh
Okawaru
Qazlal
Ru
Sif Muna
Uskayaw
Vehumet
Wu Jian
Yredelemnul
The Shining One

Annotations:
D:2 Sigmund
D:6 1 runed door


Innate Abilities, Weirdness & Mutations

You are small and have problems with some larger weapons.
You are carnivorous and can eat meat at any time.


Message History

A quokka comes into view.
An iguana comes into view.
The iguana hisses angrily.
The quokka bites you but does no damage.
The quokka bites you.
* * * LOW HITPOINT WARNING * * *
The orc warrior hits you from afar with a trident.
* * * LOW HITPOINT WARNING * * *
As you read the scroll of teleportation, it crumbles to dust.
You feel strangely unstable.
The quokka bites you but does no damage.
The orc warrior hits you from afar with a trident!
* * * LOW HITPOINT WARNING * * *
The quokka bites you but does no damage.
Your surroundings suddenly seem different.
An electric eel comes into view.
The electric eel shoots out a bolt of lightning at you!
The bolt of electricity hits you!
You die...
Your body disappears without a glow.

.#.≈≈♣ ♣≈.≈♣ ♣≈.≈♣ ♣≈.≈♣♣♣≈......
....≈≈≈≈≈≈≈≈≈≈≈.≈≈≈≈≈.≈≈≈≈≈......
...≈...≈≈.≈≈...≈≈.≈..≈....≈.....#
###(≈≈≈≈≈.≈≈≈≈≈.≈≈≈≈≈.≈≈≈≈≈.....#
(≈♣♣♣≈ ♣≈≈≈♣ ≈♣♣♣≈≈....# .≈♣
♣≈≈≈♣ .≈♣ ♣≈≈#..%. ♣
.;♣♣♣≈≈≈♣♣♣≈.≈♣ ♣≈.#...#
≈≈≈≈≈≈≈≈;≈≈≈≈≈≈≈≈≈.#...#
≈.≈≈..≈@.≈≈≈≈≈≈≈..≈#...#
.≈≈≈≈≈.≈≈≈≈;≈≈≈≈≈≈.....#
.≈♣♣♣≈.≈♣♣♣≈≈≈♣♣♣≈≈.#### ♣≈.≈♣
≈≈♣ ♣≈.. ♣≈.≈♣ ♣ ♣≈≈. ≈≈≈≈≈
≈.≈..≈ ≈;≈≈.≈≈


You could see 4 electric eels.

Vanquished Creatures
  2 hippogriffs
  A human (D:7)
  4 hogs (D:7)
  Edmund (D:6)
  2 orc warriors (D:6)
  2 sky beasts
  An ogre (D:5)
  A phantom (D:8)
  2 centaurs
  4 bullfrogs
  2 electric eels (D:7)
  2 crimson imps
  A bullfrog zombie (D:5)
  A centaur zombie (D:8)
  3 hounds
  A bullfrog skeleton (D:4)
  A centaur skeleton (D:4)
  3 orc priests
  3 orc wizards
  Natasha (thrice) (D:2)
  A worker ant (D:4)
  6 adders
  A shadow imp (D:7)
  An ooze (D:2)
  An adder skeleton (D:8)
  2 worms
  3 dart slugs
  4 leopard geckos
  20 orcs
  3 giant cockroaches
  3 goblins
  5 hobgoblins
  12 jackals
  7 kobolds
  A quokka (D:7)
  8 bats
  4 frilled lizards
  A jackal zombie (D:7)
  A leopard gecko skeleton (D:7)
  2 quokka zombies
  2 rats (D:1)
128 creatures vanquished.

Vanquished Creatures (collateral kills)
  Menkaure (D:7)
  An adder (D:7)
2 creatures vanquished.

Grand Total: 130 creatures vanquished

Notes
Turn   | Place    | Note
-------+----------+-------------------------------------------
     0 | D:1      | LevaFresel the Kobold Hunter began the quest for the Orb.
     0 | D:1      | Reached XP level 1. HP: 12/12 MP: 1/1
   124 | D:1      | Reached XP level 2. HP: 18/18 MP: 2/2
   127 | D:1      | Reached skill level 5 in Crossbows
   196 | D:1      | Reached skill level 1 in Short Blades
   273 | D:1      | Reached XP level 3. HP: 22/22 MP: 3/3
   307 | D:2      | Noticed Natasha
   718 | D:2      | Reached XP level 4. HP: 27/27 MP: 4/4
  1102 | D:2      | Killed Natasha
  1102 | D:2      | Reached skill level 1 in Armour
  1119 | D:2      | Noticed Natasha
  1124 | D:2      | Killed Natasha
  1124 | D:2      | Reached XP level 5. HP: 32/32 MP: 5/5
  1146 | D:2      | Noticed Natasha
  1160 | D:2      | Killed Natasha
  1299 | D:2      | Reached skill level 6 in Crossbows
  1671 | D:2      | Found a radiant altar of Vehumet.
  1705 | D:2      | Noticed Sigmund
  2125 | D:3      | Reached XP level 6. HP: 31/37 MP: 6/6
  2167 | D:4      | Found an iron altar of Okawaru.
  2568 | D:5      | Entered Level 5 of the Dungeon
  2998 | D:5      | Reached XP level 7. HP: 41/41 MP: 7/7
  3177 | D:5      | Reached skill level 7 in Crossbows
  3555 | D:5      | Found a hazy altar of Hepliaklqana.
  3668 | D:5      | Found a staircase to the Ecumenical Temple.
  3721 | Temple   | Entered the Ecumenical Temple
  3742 | Temple   | Became a worshipper of Nemelex Xobeh the Trickster
  4272 | D:6      | Received a gift from Nemelex Xobeh
  4691 | D:6      | Noticed Eustachio
  4878 | D:6      | Reached skill level 1 in Invocations
  5059 | D:6      | Noticed Eustachio
  5059 | D:6      | Eustachio changed into Eustachio the worm
  5064 | D:6      | Killed Eustachio the worm
  5315 | D:6      | Reached XP level 8. HP: 45/48 MP: 8/8
  5983 | D:6      | Noticed Edmund
  6101 | D:6      | Killed Edmund
  6101 | D:6      | Reached skill level 1 in Throwing
  6527 | D:6      | Found a glowing golden altar of the Shining One.
  6528 | D:6      | Found a runed door.
  6528 | D:6      | Noticed an angel
  6834 | D:7      | Reached skill level 8 in Crossbows
  6840 | D:7      | Reached * piety under Nemelex Xobeh
  6909 | D:7      | Reached skill level 5 in Dodging
  6952 | D:7      | Noticed Menkaure
  6960 | D:7      | Killed Menkaure
  7228 | D:7      | Reached skill level 1 in Evocations
  7258 | D:7      | Reached XP level 9. HP: 53/53 MP: 10/10
  7310 | D:7      | Noticed a hippogriff
  7320 | D:7      | Killed a hippogriff
  7320 | D:7      | Reached skill level 5 in Fighting
  7320 | D:7      | Reached skill level 5 in Short Blades
  7410 | D:7      | Reached skill level 9 in Crossbows
  7751 | D:7      | Noticed a komodo dragon
  7824 | D:8      | Found a snail-covered altar of Cheibriados.
  7832 | D:8      | Noticed a hippogriff
  7850 | D:8      | Killed a hippogriff
  7850 | D:8      | Reached XP level 10. HP: 36/60 MP: 12/12
  7987 | D:8      | Received a gift from Nemelex Xobeh
  8162 | D:7      | HP: 2/60 [orc warrior/trident (8)]
  8164 | D:7      | Killed from afar by an electric eel

Skill      XL: |  1  2  3  4  5  6  7  8  9 10 |
---------------+-------------------------------+-----
Crossbows      | 5 6 7 8 9 |  9.8
Short Blades   | 1 2 3 4 6 |  6.2
Stealth        | 2 |  2.0
Dodging        | 3 4 5 6 |  6.3
Armour         | 1 2 3 |  3.9
Fighting       | 3 4 5 |  5.8
Invocations    | 1 2 3 4 |  4.0
Throwing       | 1 |  1.0
Evocations     | 1 3 |  3.4

Action                   |  1- 3 |  4- 6 |  7- 9 | 10-12 || total
-------------------------+-------+-------+-------+-------++-------
Melee: Short sword       |    17 |   117 |    82 |    36 ||   252
       Hand crossbow     |       |     1 |       |       ||     1
 Fire: Hand crossbow     |    52 |    94 |   233 |    24 ||   403
       Blowgun           |       |       |    58 |       ||    58
Evoke: Deck              |       |       |     5 |       ||     5
  Use: Scroll            |       |     5 |     9 |     2 ||    16
       Potion            |       |       |     1 |       ||     1
  Eat: Chunk             |     7 |     7 |    14 |       ||    28
       Ration            |       |       |     1 |       ||     1
Armor: Leather armour    |     9 |    11 |       |       ||    20
       Plate armour      |       |   131 |   237 |    26 ||   394
Dodge: Dodged            |    38 |    96 |    86 |    19 ||   239
